 Dungeon Crawl Stone Soup version 0.26-a0-812-g31a745ddcd (webtiles) character file.

Game seed: 200157738597484759

49 Lanoc the Sneak (level 3, -1/23 HPs)
             Began as an Octopode Enchanter on Nov 21, 2020.
             Slain by a jackal (2 damage)
             ... on level 3 of the Dungeon.
             The game lasted 00:01:19 (753 turns).

Lanoc the Sneak (Octopode Enchanter)                 Turns: 753, Time: 00:01:19

Health: -1/23      AC:  1    Str:  7    XL:     3   Next: 77%
Magic:  15/15      EV: 13    Int: 18    God:
Gold:   71         SH:  0    Dex: 12    Spells: 5/6 levels left

rFire    . . .     SeeInvis .   a - +1 dagger
rCold    . . .     Faith    .   (no shield)
rNeg     . . .     Spirit   .   (helmet restricted)
rPois    .         Reflect  .   (no amulet)
rElec    .         Harm     .   g - ring of magical power
rCorr    .         Rampage  .   (no ring)
MR       .....                  (no ring)
Stlth    ++++......             (no ring)
HPRegen  0.07/turn              (no ring)
MPRegen  0.14/turn              (no ring)
                                (no ring)
                                (no ring)

@: no status effects
A: almost no armour, stealthy swim, amphibious, 8 rings, constrict 8, camouflage
1, gelatinous body 1
a: no special abilities


You were on level 3 of the Dungeon.
You visited 1 branch of the dungeon, and saw 3 of its levels.

You collected 71 gold pieces.

Inventory:

Hand Weapons
 a - a +1 dagger (weapon)
Jewellery
 g - a ring of magical power (left tentacle)
Wands
 f - a wand of random effects (13)
Scrolls
 b - a scroll of noise {unknown}
 c - a scroll of magic mapping {unknown}
 d - 2 scrolls of teleportation {unknown}
 e - a scroll of remove curse {unknown}


   Skills:
 + Level 1.2 Fighting
 - Level 1.0 Short Blades
 + Level 2.5 Dodging
 * Level 5.1 Stealth
 - Level 2.0 Spellcasting
 + Level 3.3 Hexes


You had 5 spell levels left.
You knew the following spells:

 Your Spells              Type           Power        Failure   Level
a - Corona                Hex            ##.....      4%          1

Your spell library contained the following spells:

 Spells                   Type           Power        Failure   Level
 Ensorcelled Hibernation  Hex/Ice        #.....       14%         2
 Confusing Touch          Hex            ##......     14%         3
 Tukima's Dance           Hex            ##......     14%         3
 Dazzling Flash           Conj/Hex       #.....       26%         3


Dungeon Overview and Level Annotations

Branches:
Dungeon (3/15)

Altars:
Hepliaklqana
Trog


Innate Abilities, Weirdness & Mutations

You cannot wear most types of armour.
You are very stealthy in the water. (Stealth+)
You are amphibious.
You can wear up to eight rings at the same time.
You can use your tentacles to constrict eight enemies at once.
Your skin changes colour to match your surroundings (Stealth+).
Your rubbery body absorbs attacks. (AC +1, EV +1)


Message History

The jackal is severely wounded.
You constrict the jackal. The bat closely misses you.
The goblin completely misses you. The frilled lizard bites you.
* * * LOW HITPOINT WARNING * * *
The jackal bites you but does no damage.
You release your grip on the jackal.
The bat hits you.
* * * LOW HITPOINT WARNING * * *
The frilled lizard closely misses you. The bat hits you but does no damage.
The quokka barely misses you. The bat misses you.
The goblin hits you but does no damage. The bat hits you.
* * * LOW HITPOINT WARNING * * *
The bat closely misses you.
The quokka twitches its whiskers.
The jackal bites you.
* * * LOW HITPOINT WARNING * * *
You hit the jackal but do no damage. Your grab misses the jackal.
The jackal is almost dead.
The jackal bites you.
You die...

........)........
.................
................#
.....?....†......
.......l.........#.
..#....b#.....##...#
.....###.g..........
......?.hr.....?....
........@.[......... ....
..######.......?....
...###....######............
...... .#........##....#...
#...###....(..>#####.#..#
........##..##........#.#
..................#...#.#
......................#
#..###........#####...#


You could see a quokka, a jackal, a goblin, a bat and a frilled lizard.

Vanquished Creatures
  2 adders (D:3)
  2 worms (D:2)
  A leopard gecko (D:3)
  An orc (D:3)
  A giant cockroach (D:1)
  4 goblins
  2 hobgoblins
  4 jackals
  A bat (D:2)
  4 frilled lizards
  2 rats
24 creatures vanquished.

Notes
Turn   | Place    | Note
-------+----------+-------------------------------------------
     0 | D:1      | Lanoc the Octopode Enchanter began the quest for the Orb.
     0 | D:1      | Reached XP level 1. HP: 11/11 MP: 3/3
    85 | D:1      | Reached XP level 2. HP: 15/18 MP: 5/5
   280 | D:2      | Found a hazy altar of Hepliaklqana.
   390 | D:2      | Found a bloodstained altar of Trog.
   424 | D:3      | Reached XP level 3. HP: 22/22 MP: 6/6
   459 | D:3      | Reached skill level 1 in Fighting
   727 | D:3      | Reached skill level 5 in Stealth
   752 | D:3      | HP: 1/23 [jackal (2)]
   753 | D:3      | Slain by a jackal

Illustrated notes

Levels and vault maps discovered:
D:1:      dpeg_arrival_rooms_b, layout_rooms
D:2:      layout_basic, lemuel_crystal_altar, lightli_temple_of_fire
D:3:      layout_rooms

Skill      XL: |  1  2  3 |
---------------+----------+-----
Fighting       | 1 |  1.2
Stealth        | 5 |  5.1
Short Blades   | |  1.0
Dodging        | |  2.5
Spellcasting   | |  2.0
Hexes          | |  3.3

Action                   || total
-------------------------++-------
Melee: Dagger            ||    55
       Tentacles         ||    12
       Constrict         ||    11
 Stab: Sleeping          ||     9
Armor: Skin              ||     6
Dodge: Dodged            ||    47

Table legend: (Time is in decaauts)
 A = Elapsed time spent in this place.
 B = Non-inter-level travel time spent in this place.
 C = Inter-level travel time spent in this place.
 D = Time resting spent in this place.
 E = Time spent auto-exploring this place.
 F = Levels seen in this place.
 G = Mean time per level.
                   A        B        C        D        E       F      G
               +--------+--------+--------+--------+--------+-----+--------+
         Total |    749 |    731 |     18 |      0 |    544 |   3 |  249.7 |
       Dungeon |    749 |    731 |     18 |      0 |    544 |   3 |  249.7 |
               +--------+--------+--------+--------+--------+-----+--------+

Top non-repeatable levels by time:
     D:3: 347 daAuts
     D:2: 226 daAuts
     D:1: 175 daAuts
